 Dungeon Crawl Stone Soup version 0.28.0 (webtiles) character file.

Game seed: 5024491143731575002

1378 themarg the Summoner (level 8, 0/45 HPs)
             Began as a Tengu Summoner on Feb 14, 2022.
             Was a Follower of Kikubaaqudgha.
             Slain by a scorpion (8 damage)
             ... on level 5 of the Dungeon.
             The game lasted 00:44:03 (6376 turns).

themarg the Summoner (Tengu Summoner)               Turns: 6376, Time: 00:44:03

Health: 0/45       AC:  4    Str:  9    XL:     8   Next: 66%
Magic:  16/16      EV: 15    Int: 18    God:    Kikubaaqudgha [*.....]
Gold:   161        SH:  0    Dex: 14    Spells: 6/17 levels left

rFire   . . .      SeeInvis .   M - +1 trident (vorpal)
rCold   . . .      Faith    .   (no shield)
rNeg    . . .      Spirit   .   s - +0 leather armour
rPois   .          Reflect  .   (helmet restricted)
rElec   .          Harm     .   (no cloak)
rCorr   .          Rampage  .   v - +0 pair of gloves
Will    .....                   (boots unavailable)
Stlth   ++........              (no amulet)
HPRegen 0.15/turn               (no ring)
MPRegen 0.15/turn               (no ring)

@: flying quickly and evasively, quick
A: beak, talons 3, nimble flight
a: Renounce Religion, Receive Corpses


You were on level 5 of the Dungeon.
You worshipped Kikubaaqudgha.
Kikubaaqudgha was aware of your devotion.
You visited 2 branches of the dungeon, and saw 7 of its levels.

You collected 269 gold pieces.
You spent 108 gold pieces at shops.

Inventory:

Hand Weapons
 j - a +0 long sword of holy wrath
 G - the +7 dagger of Ru's Grace {vorpal, Dex+4}
   (You found it on level 5 of the Dungeon)

   It inflicts extra damage upon your enemies.
   Dex:       It affects your dexterity (+4).
 M - a +1 vorpal trident (weapon)
Missiles
 c - 100 stones (quivered)
 H - 2 poisoned darts
Armour
 a - a +0 robe
 s - a +0 leather armour (worn)
 v - a +0 pair of gloves (worn)
Jewellery
 k - a +6 ring of strength
 D - an amulet of the acrobat
Wands
 g - a wand of iceblast (9)
 t - a wand of digging (6)
 u - a wand of flame (13)
Scrolls
 b - a scroll of acquirement {unknown}
 d - a scroll of enchant weapon {unknown}
 e - 2 scrolls of amnesia {unknown}
 l - a scroll of magic mapping {unknown}
 r - 2 scrolls of immolation {unknown}
 w - 2 scrolls of vulnerability {unknown}
 x - a scroll of fog {unknown}
 y - a scroll of enchant armour {unknown}
 C - 2 scrolls of teleportation {unknown}
 I - a scroll of brand weapon {unknown}
Potions
 i - a potion of degeneration {unknown}
 m - a potion of haste {unknown}
 n - a potion of flight {unknown}
 p - a potion of attraction {unknown}
 q - a potion of heal wounds
 z - 2 potions of mutation
 A - a potion of ambrosia {unknown}
 B - a potion of berserk rage
 E - a potion of cancellation {unknown}
 F - a potion of might
 J - a potion of curing {unknown}


   Skills:
 + Level 2.3 Fighting
 - Level 0.8(1.0) Short Blades
 - Level 0.3(0.6) Long Blades
 + Level 2.3(2.4) Polearms
 - Level 0.4(1.5) Staves
 - Level 2.0 Armour
 + Level 3.5 Dodging
 + Level 3.3 Stealth
 * Level 5.3 Spellcasting
 - Level 0.1 Hexes
 * Level 8.7 Summonings
 * Level 2.2 Evocations


You had 6 spell levels left.
You knew the following spells:

 Your Spells              Type           Power      Damage    Failure   Level
a - Summon Small Mammal   Summ           100%       N/A       1%          1
b - Call Canine Familiar  Summ           36%        N/A       1%          3
c - Summon Guardian Gole  Hex/Summ       20%        N/A       9%          3
d - Summon Lightning Spi  Summ/Air       20%        N/A       28%         4

Your spell library contained the following spells:

 Spells                   Type           Power      Damage    Failure   Level
 Call Imp                 Summ           36%        N/A       1%          2
 Animate Skeleton         Necr           8%         N/A       19%         1
 Pain                     Necr           16%        1d4       19%         1
 Sublimation of Blood     Necr           4%         N/A       26%         2
 Vampiric Draining        Necr           4%         2d6       47%         3


Dungeon Overview and Level Annotations

Branches:
Dungeon (6/15)             Temple (1/1) D:5

Altars:
Cheibriados
Fedhas
Kikubaaqudgha
Makhleb
Ru
Sif Muna
Trog
Uskayaw
Vehumet
Zin
Beogh
Lugonu

Shops:
D:2 (


Innate Abilities, Weirdness & Mutations

You have a beak for a mouth.
You have claws for feet.
Your magical nature lets you fly swiftly and evasively.


Message History

Your guardian golem is splashed with acid.
Your hound bites the jelly.
Your hound is burned by acid!
The centaur shoots an arrow.
The arrow hits you!
Your hound bites the jelly.
The acid corrodes your hound!
Your hound is burned by acid!
A scorpion comes into view.
The centaur shoots an arrow.
The arrow hits you.
The jelly completely misses your guardian golem.
A phantom comes into view.
Your hound bites the jelly.
Your hound is burned by acid!
The centaur shoots an arrow.
The arrow hits you.
* * * LOW HITPOINT WARNING * * *
Your hound bites the jelly.
Your hound is burned by acid!
The jelly hits your guardian golem but does no damage.
An adder comes into view.
The centaur shoots an arrow.
The arrow hits you.
* * * LOW HITPOINT WARNING * * *
Your hound barely misses the jelly.
The jelly hits your guardian golem.
Your guardian golem is splashed with acid.
The centaur shoots an arrow.
The arrow hits you!
* * * LOW HITPOINT WARNING * * *
Your hound completely misses the jelly.
There is a stone staircase leading up, spattered with blood here.
The centaur shoots an arrow.
The arrow misses you.
The scorpion stings you but does no damage.
Your hound bites the jelly.
Your hound is burned by acid!
The jelly hits your guardian golem but does no damage.
You fly upwards.
There is a stone staircase leading down here.
The scorpion closely misses you.
The sentinel's mark upon you fades away.
The scorpion completely misses you. The scorpion completely misses you.
The scorpion stings you!
You die...
Kikubaaqudgha rasps: "You have failed me!
Welcome... death!"

##....##.#.#...#.........
##......#.#.>.#.##......
#....#.................
###..#....#.#.#.......#
#.....##.#.#.#.#.....#
##.#...........#......
#..#.#.#.##.#.........
#....#.#.)..#.##......
##..s@.............##.
######...######...##.
##### ###.#.. ##.....
#...... #...... #......
##..... ###.##


You could see a scorpion.

Vanquished Creatures
  A necrophage (D:4)
  A centaur (D:5)
  A phantom (D:4)
  2 scorpions
  A hound (D:6)
  3 adders
  A dart slug (D:3)
  6 orcs
  2 endoplasms
  2 jackals (D:5)
  3 quokkas
  4 ball pythons
  A frilled lizard (D:3)
  3 goblins
  2 kobolds (D:1)
  2 rats
35 creatures vanquished.

Vanquished Creatures (collateral kills)
  A sky beast (D:5)
  2 ogres
  A scorpion (D:4)
  A hound (D:4)
  A centaur skeleton (D:4)
  An orc priest (D:5)
  A jelly (D:4)
  Ijyb (D:4)
  An iguana (D:4)
  5 orc wizards
  3 adders
  2 worms
  2 dart slugs
  23 orcs
  3 endoplasms
  2 giant cockroaches
  4 goblins
  3 hobgoblins
  5 jackals
  3 kobolds
  3 quokkas
  5 ball pythons
  A bat (D:1)
  2 frilled lizards (D:2)
  5 rats
81 creatures vanquished.

Vanquished Creatures (others)
  2 orc warriors (D:5)
  An orc (D:5)
3 creatures vanquished.

Grand Total: 119 creatures vanquished

Notes
Turn   | Place    | Note
-------+----------+-------------------------------------------
     0 | D:1      | themarg the Tengu Summoner began the quest for the Orb.
     0 | D:1      | Reached XP level 1. HP: 10/10 MP: 4/4
   145 | D:1      | Reached skill level 5 in Summonings
   350 | D:1      | Reached XP level 2. HP: 15/15 MP: 3/6
   376 | D:1      | Found a faded altar of an unknown god.
   958 | D:2      | Reached XP level 3. HP: 19/19 MP: 4/7
  1454 | D:2      | Found Ygofyesi's Antique Weapon Boutique.
  1728 | D:3      | Found a burning altar of Makhleb.
  2110 | D:3      | Found a radiant altar of Vehumet.
  2110 | D:3      | Found a blossoming altar of Fedhas.
  2133 | D:3      | Reached XP level 4. HP: 24/24 MP: 6/8
  2568 | D:3      | Learned a level 3 spell: Call Canine Familiar
  3037 | D:4      | Noticed Ijyb
  3047 | D:4      | Killed Ijyb
  3048 | D:4      | Reached skill level 6 in Summonings
  3186 | D:4      | Noticed an ogre
  3237 | D:4      | Killed an ogre
  3238 | D:4      | Gained mutation: Your magical nature lets you fly swiftly
                  | and evasively. [Tengu growth]
  3238 | D:4      | Reached XP level 5. HP: 28/28 MP: 6/10
  3276 | D:4      | Noticed a phantom
  3297 | D:4      | Killed a phantom
  3298 | D:4      | Reached XP level 6. HP: 25/33 MP: 8/12
  3349 | D:4      | Reached skill level 1 in Fighting
  3701 | D:4      | Learned a level 3 spell: Summon Guardian Golem
  3721 | D:4      | Reached skill level 7 in Summonings
  3727 | D:4      | Reached skill level 1 in Armour
  3727 | D:4      | Reached XP level 7. HP: 38/38 MP: 11/14
  4169 | D:5      | Entered Level 5 of the Dungeon
  4280 | D:5      | Reached skill level 1 in Polearms
  4750 | D:5      | Found a snail-covered altar of Cheibriados.
  4873 | D:4      | Reached skill level 8 in Summonings
  4956 | D:4      | Learned a level 4 spell: Summon Lightning Spire
  4967 | D:4      | Reached XP level 8. HP: 28/44 MP: 10/16
  4971 | D:4      | Reached skill level 1 in Evocations
  5133 | D:5      | Identified the +7 dagger of Ru's Grace {vorpal, Dex+4}
  5356 | D:5      | Found a staircase to the Ecumenical Temple.
  5374 | Temple   | Entered the Ecumenical Temple
  5441 | Temple   | Became a worshipper of Kikubaaqudgha
  5526 | D:5      | Found a runed translucent door.
  5736 | D:5      | Reached skill level 5 in Spellcasting
  5896 | D:5      | Reached * piety under Kikubaaqudgha
  5896 | D:5      | Received a gift from Kikubaaqudgha
  6166 | D:2      | Bought a glowing spear for 108 gold pieces
  6323 | D:6      | HP: 1/45 [centaur/arrow (7)]
  6376 | D:5      | Slain by a scorpion

Illustrated notes

Levels and vault maps discovered:
D:1:      dpeg_arrival_boxorama, layout_basic, shapermc_ecumenical_altar_pompeii
D:2:      layout_rooms, serial_shops, shop
D:3:      layout_basic, grunt_temple_overflow_open, bloody_makhleb,
          roderic_serpentine_path, kennysheep_generic_room_2
D:4:      layout_basic, uniq_ijyb
D:5:      layout_cave_pools, nicolae_overflow_hidden_temple,
          minmay_temple_entry_ruins, lightli_church_of_beogh
D:6:      layout_gridville, tso_altar, mainiacjoe_overflow_catwalk,
          serial_shops, nicolae_take_the_stairs, kennysheep_generic_room_13
Temple:   corrupted_temple

Skill      XL: |  1  2  3  4  5  6  7  8 |
---------------+-------------------------+-----
Summonings     | 5 6 7 8 |  8.7
Spellcasting   | 3 4 5 |  5.3
Fighting       | 1 2 |  2.3
Armour         | 1 2 |  2.0
Polearms       | 1 2 |  2.3
Dodging        | 3 |  3.5
Evocations     | 2 |  2.2
Stealth        | 3 |  3.3
Short Blades   | |  0.8
Long Blades    | |  0.3
Staves         | |  0.4
Hexes          | |  0.1

Action                   |  1- 3 |  4- 6 |  7- 9 || total
-------------------------+-------+-------+-------++-------
Melee: Quarterstaff      |     7 |       |       ||     7
       Kick              |    11 |     3 |    14 ||    28
       Short sword       |    41 |       |       ||    41
       Peck              |     5 |     3 |     9 ||    17
       Long sword        |     2 |     7 |       ||     9
       Trident           |       |    29 |    73 ||   102
       Punch             |       |     1 |       ||     1
       Dagger            |       |       |     5 ||     5
Throw: Stone             |       |       |     3 ||     3
 Cast: Summon Small Mamm |    46 |    29 |     2 ||    77
       Call Canine Famil |       |    11 |    20 ||    31
       Summon Guardian G |       |       |    15 ||    15
  Use: Scroll            |       |       |     3 ||     3
       Potion            |       |       |     1 ||     1
 Stab: Sleeping          |     3 |     2 |       ||     5
       Distracted        |     1 |       |     4 ||     5
Armor: Robe              |     7 |       |       ||     7
       Leather armour    |       |     1 |    11 ||    12
Dodge: Dodged            |    23 |    16 |    83 ||   122
